AoeStats
← wqq1997

Black Forest

510115715Analyzed
4v4 RM · 2d ago on Sep 29, 2026· 45m 34s· 8 players
Game mode
Random Map
Map size
Large (8 player)
Population
200
Speed
Normal
Resources
Standard
Victory
Conquest
Starting age
Dark Age
Ending age
Imperial Age
RankedLock teamsTeams togetherTeam positionsShared explorationLock speedFull tech treeHidden civsTurbo modeCheats
Victory
Defeat
🇻🇳 Cumans · Vietnam
1007
+13
🇨🇳 Byzantines · China
995
+13
🇮🇳 Vikings · India
980
+14
🇮🇳 Italians · India
888
+17
🇨🇴 Vietnamese · Colombia
957
-15
🇬🇧 Spanish · United Kingdom
937
-15
925
-14
🇰🇿 Danes · Kazakhstan
898
-13
Cocky Joe aka Simple Joe
10:27 Feudal Age
15:35 Castle Age
13:26 Double-Bit Axe
14:15 Horse Collar
17:30 Wheelbarrow
16:41 Loom
18:27 Heavy Plow
26:31 Bow Saw
27:05 Fletching
27:15 Scale Mail Armor
27:53 Hand Cart
30:52 Imperial Age
29:37 Chemistry
29:09 Town Watch
30:07 Chain Mail Armor
30:02 Forging
29:45 Pikeman
30:25 Squires
30:11 Arson
32:13 Iron Casting
31:48 Siege Engineers
32:30 Plate Mail Armor
32:26 Onager
33:30 Houfnice
33:34 Man-at-Arms
36:13 Two-Man Saw
36:26 Blast Furnace
35:57 Wagenburg Tactics
35:39 Long Swordsman
36:38 Two-Handed Swordsman
38:45 Halberdier
ErCoChino
7:20 Loom
15:29 Feudal Age
17:03 Wheelbarrow
16:18 Double-Bit Axe
16:25 Gold Mining
16:28 Stone Mining
17:15 Town Watch
17:39 Horse Collar
22:46 Castle Age
23:43 Hand Cart
23:40 Bow Saw
24:14 Heavy Plow
32:42 Caravan
33:15 Fletching
33:32 Scale Barding Armor
33:31 Town Patrol
37:11 Imperial Age
35:04 Forging
34:52 Bodkin Arrow
35:52 Forging
35:42 Scale Mail Armor
36:03 Chain Barding Armor
37:06 Ballistics
38:23 Iron Casting
38:04 Chain Mail Armor
38:15 Conscription
41:03 Blast Furnace
41:05 Chemistry
40:16 Fortified Wall
40:01 Murder Holes
40:32 Pikeman
41:12 Squires
41:06 Elite Conquistador
41:40 Halberdier
WololoJedi
2:22 Loom
10:59 Feudal Age
12:18 Wheelbarrow
11:33 Double-Bit Axe
11:38 Horse Collar
12:51 Fishing Lines
17:00 Gold Mining
18:22 Forging
20:25 Castle Age
18:45 Scale Mail Armor
18:51 Stone Mining
19:50 Scale Barding Armor
19:36 Fletching
19:44 Man-at-Arms
20:10 Arson
21:26 Hand Cart
25:04 Iron Casting
24:35 Long Swordsman
24:35 Pikeman
25:16 Squires
25:29 Gillnets
26:55 Caravan
33:13 Imperial Age
30:29 Town Watch
31:31 Bodkin Arrow
31:36 Padded Archer Armor
32:56 Stone Shaft Mining
33:20 Chatras
32:44 Light Cavalry
33:34 Bloodlines
33:25 Husbandry
34:57 Chemistry
34:37 Hoardings
33:33 Sappers
34:09 Heavy Plow
35:38 Crop Rotation
35:22 Bow Saw
35:51 Ballistics
37:20 Bracer
37:35 Leather Archer Armor
36:45 Halberdier
36:45 Two-Handed Swordsman
36:46 Elite Fire Lancer
39:11 Paper Money
38:22 Sappers
40:47 Onager
40:47 Capped Ram
43:26 Elite Rattan Archer
43:37 Sappers
45:55 Ring Archer Armor
45:41 Chain Mail Armor
Gravity
4:38 Loom
13:09 Feudal Age
14:06 Double-Bit Axe
18:34 Castle Age
16:57 Horse Collar
20:59 Bow Saw
24:41 Gambesons
26:29 Heavy Plow
29:39 Wheelbarrow
29:04 Gold Mining
34:07 Imperial Age
32:59 Hand Cart
32:44 Pikeman
33:26 Squires
33:10 Elite Skirmisher
33:55 Hamask
34:40 Halberdier
35:56 Conscription
37:10 Imperial Skirmisher
37:55 Thumb Ring
38:04 Padded Archer Armor
37:55 Fletching
38:15 Forging
38:07 Scale Mail Armor
38:27 Thumb Ring
Bickus Diggus
1:02 Loom
12:43 Feudal Age
13:12 Double-Bit Axe
15:29 Man-at-Arms
16:02 Gold Mining
16:49 Horse Collar
21:13 Castle Age
21:14 Fletching
21:36 Stone Mining
21:46 Crossbowman
22:45 Heavy Plow
25:02 Bodkin Arrow
25:05 Town Watch
26:38 Bow Saw
27:18 Padded Archer Armor
30:59 Imperial Age
29:35 Fortified Wall
33:18 Two-Man Saw
33:33 Two-Man Saw
32:56 Bracer
35:15 Conscription
35:26 Leather Archer Armor
36:59 Siege Engineers
37:17 Conscription
40:28 Bogsveigar
41:45 Capped Ram
44:46 Arbalester
45:59 Town Patrol
iamlegolas312
0:38 Loom
11:16 Feudal Age
13:05 Fishing Lines
19:10 Castle Age
17:18 Gold Mining
17:41 Stone Mining
21:02 Caravan
21:34 Double-Bit Axe
23:08 Gillnets
24:23 Horse Collar
26:04 Wheelbarrow
27:03 Silk Road
28:35 Hand Cart
28:24 Heavy Plow
28:38 Bow Saw
32:55 Imperial Age
34:15 Crop Rotation
34:24 Stone Shaft Mining
34:51 Two-Man Saw
33:34 Elite Skirmisher
34:21 Thumb Ring
34:16 Fletching
34:26 Padded Archer Armor
35:36 Chemistry
34:17 Treadmill Crane
34:32 Murder Holes
34:29 Town Watch
35:11 Town Patrol
35:10 Bodkin Arrow
35:58 Leather Archer Armor
36:18 Bracer
40:16 Ring Archer Armor
39:57 Forging
39:47 Scale Mail Armor
41:06 Sanctity
40:57 Fervor
41:13 Illumination
41:04 Block Printing
41:53 Masonry
42:04 Ballistics
45:04 Squires
44:50 Arson
冬至
1:10 Loom
13:01 Feudal Age
15:26 Double-Bit Axe
16:37 Horse Collar
22:47 Castle Age
25:30 Wheelbarrow
26:45 Bow Saw
29:09 Imperial Age
27:36 Bloodlines
27:43 Forging
27:39 Scale Barding Armor
28:10 Heavy Plow
28:35 Hand Cart
29:06 Iron Casting
27:58 Light Cavalry
31:27 Blast Furnace
29:51 Hussar
30:54 Capped Ram
32:37 Gold Mining
33:48 Chain Barding Armor
37:12 Steppe Husbandry
41:48 Conscription
wqq1997
11:21 Feudal Age
12:12 Double-Bit Axe
13:50 Loom
16:35 Castle Age
16:49 Horse Collar
19:39 Bow Saw
21:26 Fishing Lines
23:31 Stone Mining
25:13 Wheelbarrow
25:09 Gold Mining
26:31 Gold Shaft Mining
27:02 Heavy Plow
28:03 Fervor
28:10 Hand Cart
31:22 Imperial Age
29:55 Stone Shaft Mining
30:11 Gillnets
31:16 Caravan
32:35 Crop Rotation
32:31 Conscription
32:31 Forging
32:27 Scale Barding Armor
34:10 Iron Casting
33:02 Elite Cataphract
34:47 Guilds
35:10 Coinage
36:38 Husbandry
37:03 Chain Barding Armor
37:49 Two-Man Saw
38:04 Logistica
38:55 Plate Barding Armor
40:05 Banking
41:29 Hoardings
42:02 Fortified Wall
41:49 Murder Holes
42:16 Ballistics
42:58 Chemistry
45:55 Squires
45:40 Gambesons
45:42 Arson
Connection lost

Rejoining the realm…

Still unreachable

The connection could not be restored.

Session expired

The server has moved on; the page needs a fresh start.